 Dungeon Crawl Stone Soup version 0.30-a0-782-ge64f9170bb (webtiles) character file.

Game seed: 9961637233376224749

73 Jane the Poker (level 4, -4/40 HPs)
             Began as a Minotaur Berserker on Feb 21, 2023.
             Was a Believer of Trog.
             Killed from afar by an orc wizard (6 damage)
             ... with a magic dart
             ... on level 3 of the Dungeon.
             The game lasted 00:23:53 (2461 turns).

Jane the Poker (Minotaur Berserker)                 Turns: 2461, Time: 00:23:53

Health: -4/40      AC:  3    Str: 30    XL:     4   Next: 8%
Magic:  3/3        EV: 11    Int:  4    God:    Trog [**....]
Gold:   151        SH:  0    Dex:  9    Spells: 3/3 levels left

rFire   + . .      SeeInvis .    a - +0 spear
rCold   x . .      Faith    +    o - +0 buckler
rNeg    . . .      Spirit   .    b - +0 animal skin
rPois   .          Reflect  .    (helmet restricted)
rElec   .          Harm     .    (no cloak)
rCorr   .          Rampage  .    (no gloves)
Will    .....                    r - +0 pair of boots
Stlth   +                        n - amulet of faith
HPRegen 0.26/turn                e - ring of fire
MPRegen 0.08/turn                s - +6 ring of strength

@: confused
A: horns 2, retaliatory headbutt
a: Renounce Religion, Berserk, Trog's Hand


You were on level 3 of the Dungeon.
You worshipped Trog.
Trog was pleased with you.
You visited 1 branch of the dungeon, and saw 3 of its levels.

You collected 151 gold pieces.

Inventory:

Hand Weapons
 a - a +0 spear (weapon)
Armour
 b - a +0 animal skin (worn)
 o - a +0 buckler (worn)
 r - a +0 pair of boots (worn)
Jewellery
 e - a ring of fire (left hand)
 n - an amulet of faith (around neck)
 s - a +6 ring of strength (right hand)
Wands
 k - a wand of charming (11)
Scrolls
 c - a scroll of immolation {unknown}
 d - a scroll of brand weapon {unknown}
 g - a scroll of teleportation {unknown}
 l - a scroll of summoning {unknown}
 m - 2 scrolls of identify {unknown}
Potions
 f - a potion of might {unknown}
 h - a potion of heal wounds {unknown}
 i - a potion of brilliance {unknown}
 j - a potion of curing {unknown}
 p - a potion of flight {unknown}
 q - a potion of degeneration {unknown}
 t - 2 potions of attraction {unknown}


   Skills:
 + Level 4.2 Fighting
 + Level 5.1 Polearms
 - Level 2.4 Armour
 + Level 2.5 Dodging
 + Level 0.7 Stealth


You had 3 spell levels left.
You didn't know any spells.
Your spell library contained the following spells:

 Spells                   Type           Power      Damage    Failure   Level
 Shock                    Conj/Air       0%         1d3       61%         1
 Ozocubu's Armour         Ice            0%         N/A       93%         3
 Swiftness                Air            0%         N/A       93%         3
 Airstrike                Air            0%         2d(0-16)  100%        4
 Ozocubu's Refrigeration  Ice            0%         4d7       100%        7


Dungeon Overview and Level Annotations

Branches:
Dungeon (3/15)

Altars:


Innate Abilities, Weirdness & Mutations

You have a pair of horns on your head.
You reflexively headbutt those who attack you in melee.


Message History

You barely miss something. Your headbutt misses something.
Something hits you but does no damage.
An orc comes into view. It is wielding a +0 dagger.
You hit something but do no damage. Your headbutt misses something.
Something hits you.
The orc throws a boomerang.
You bump into the rock wall.
Something hits you.
You bump into the rock wall.
Something hits you.
You feel less confused.
The orc throws a boomerang.
The boomerang misses you.
You puncture something! Your headbutt misses something.
Something completely misses you.
The orc throws a boomerang.
The boomerang hits you. Something hits you.
The orc throws a boomerang.
The orc throws a boomerang.
The boomerang hits you.
You hear some strange, mumbled words.
A puff of flame appears from out of thin air!
The puff of flame hits you. You resist.
The orc throws a boomerang.
A magic dart appears from out of thin air!
The magic dart hits you.
Something tries to affect you, but you resist.
Items here: ))) [ ††.
Something tries to affect you, but you resist.
The orc throws a boomerang.
The boomerang closely misses you.
A magic dart appears from out of thin air!
The magic dart hits you.
A puff of flame appears from out of thin air!
The puff of flame hits you. You resist.
* * * LOW HITPOINT WARNING * * *
An orc wizard appears from thin air!
Reactivating autopickup.
The orc wizard gestures at you while chanting.
The magic dart hits you!
* * * LOW HITPOINT WARNING * * *
The orc wizard points at you and mumbles some strange words.
You are confused.
You're too confused to move!
You're too confused to move!
The orc wizard casts a spell at you. The magic dart hits you.
You die...

#.# #.##### #.....#
#..... #.... #..
#.#.# #..#
######.#.## ..#
#...<.....#!.#
#.....@...#.#
#...........#
#......o..###
#.......o.#
#.........##
########...####
#####
#†#....#####....
#.####....).....
####.#########.....


You could see an orc wizard and an orc.

Vanquished Creatures
  An adder (D:2)
  4 dart slugs
  6 orcs (D:3)
  5 bats
  6 endoplasms (D:2)
  3 giant cockroaches
  4 goblins
  3 hobgoblins
  A quokka (D:2)
  2 ball pythons (D:1)
  2 frilled lizards
  2 kobolds (D:1)
  9 rats
48 creatures vanquished.

Vanquished Creatures (others)
  3 plants (D:1)
3 creatures vanquished.

Grand Total: 51 creatures vanquished

Notes
Turn   | Place    | Note
-------+----------+-------------------------------------------
     0 | D:1      | Jane the Minotaur Berserker began the quest for the Orb.
     0 | D:1      | Reached XP level 1. HP: 19/19 MP: 0/0
   191 | D:1      | Reached skill level 4 in Polearms
   311 | D:1      | Reached XP level 2. HP: 27/27 MP: 1/1
   842 | D:1      | Found a faded altar of an unknown god.
  1237 | D:1      | Reached XP level 3. HP: 30/33 MP: 2/2
  1488 | D:2      | Reached ** piety under Trog
  1848 | D:2      | Reached skill level 5 in Polearms
  2424 | D:3      | Reached XP level 4. HP: 32/40 MP: 3/3
  2454 | D:3      | HP: 1/40 [orc wizard/magic dart (8)]
  2461 | D:3      | Killed from afar by an orc wizard

Illustrated notes

Levels and vault maps discovered:
D:1:      minmay_arrival_four_loops, layout_loops_corners,
          dilly_ecumenical_altar_fadedgnrine, serial_forest,
          infiniplex_forest_clump_double, infiniplex_forest_diagonal,
          infiniplex_forest_zigzag_2, infiniplex_forest_diagonal,
          infiniplex_forest_lined_2, infiniplex_forest_corner_1,
          grunt_decor_fettered, glass_columns_a, minivault_11
D:2:      layout_basic, minmay_fractal_squares_5
D:3:      layout_rooms

Skill      XL: |  1  2  3 |
---------------+----------+-----
Polearms       | 4 5 |  5.1
Fighting       | 4 |  4.2
Armour         | |  2.4
Dodging        | |  2.5
Stealth        | |  0.7

Action                     |  1- 3 |  4- 6 || total
---------------------------+-------+-------++-------
  Melee: Spear             |   121 |     5 ||   126
         Headbutt          |    16 |     1 ||    17
   Stab: Sleeping          |     1 |       ||     1
 Armour: Animal skin       |    19 |     1 ||    20
  Dodge: Dodged            |    62 |     3 ||    65
  Block: Buckler           |     3 |       ||     3

Table legend: (Time is in decaauts)
 A = Elapsed time spent in this place.
 B = Non-inter-level travel time spent in this place.
 C = Inter-level travel time spent in this place.
 D = Time resting spent in this place.
 E = Time spent auto-exploring this place.
 F = Levels seen in this place.
 G = Mean time per level.
                   A        B        C        D        E       F      G
               +--------+--------+--------+--------+--------+-----+--------+
         Total |   2444 |   2304 |    140 |     38 |    362 |   3 |  814.7 |
       Dungeon |   2444 |   2304 |    140 |     38 |    362 |   3 |  814.7 |
               +--------+--------+--------+--------+--------+-----+--------+

Top non-repeatable levels by time:
     D:1: 1286 daAuts
     D:2: 1005 daAuts
     D:3: 152 daAuts
